Map: [ESL] Alcyone

Players

Dolan - Winner!

  • Race: Terran Terran

trigger

  • Race: Protoss Protoss

Event: ESL SC2 Masters 2023 Winter (Regional)

VOD

Have the link to the VOD?

Description

Time

  • Played on: Oct. 26, 2023, 4:31 p.m.
  • Length: 6:03

All games in this series

Show
View Real Time Build Order
Export as new Build Order

Dolan Terran - Winner!

Build Orders: 2 Factory, Hellion Opening 

Get SALT Encoding   

  12  0:00  SCV  
  13  0:12  SCV  
  14  0:17  Supply Depot  
  14  0:24  SCV  
  15  0:39  SCV  
  15  0:40  Barracks  
  16  0:45  Refinery  
  16  0:52  SCV  
  16  0:55  Refinery  
  17  1:04  SCV  
  18  1:16  SCV  
  19  1:27  Reaper  
  19  1:28  Orbital Command  
  20  1:37  Supply Depot  
  20  1:42  Factory  
  20  1:54  SCV  
  21  2:03  Factory  
  21  2:06  SCV  
  22  2:16  Barracks Reactor  
  22  2:19  SCV  
  23  2:29  Hellion  
  25  2:49  Armory  
  25  2:50  Hellion  
  27  2:55  Hellion x2  
  27  2:57  Supply Depot  
  27  2:58  Barracks Tech Lab  
  31  3:11  Hellion  
  33  3:19  Hellion, Concussive Shells, Marauder  
  39  3:20  Hellion  
  39  3:40  Marauder  
  41  3:43  Hellion  
  42  4:14  Hellion x2  
  45  4:20  Hellion x3  
  45  4:48  Hellion  
  47  5:00  Hellion  
  45  5:09  Marauder  
  45  5:11  Hellion  
  42  5:24  Hellion  
  44  5:42  Marauder  
  46  5:48  SCV  
Show
View Real Time Build Order
Export as new Build Order

trigger Protoss 

Build Orders: 1 Gate Expand, Phoenix Opening 

Get SALT Encoding   

  12  0:00  Probe  
  13  0:12  Probe  
  14  0:16  Pylon  
  14  0:24  Probe (Chrono Boost)  
  15  0:35  Gateway  
  16  0:37  Probe (Chrono Boost)  
  16  0:42  Probe (Chrono Boost)  
  16  0:45  Assimilator  
  17  0:51  Probe  
  18  1:03  Probe  
  19  1:15  Probe  
  20  1:22  Cybernetics Core  
  20  1:31  Nexus  
  20  1:36  Probe  
  21  1:41  Pylon  
  21  1:46  Assimilator  
  21  1:50  Probe  
  22  1:56  Stalker (Chrono Boost)  
  22  2:00  Warp Gate  
  24  2:04  Probe  
  25  2:16  Probe  
  25  2:19  Adept  
  28  2:29  Probe (Chrono Boost)  
  29  2:30  Shield Battery  
  29  2:41  Stargate, Probe (Chrono Boost)  
  31  2:47  Probe x2 (Chrono Boost)  
  32  2:55  Probe  
  32  2:56  Probe  
  34  3:07  Probe (Chrono Boost)  
  34  3:09  Pylon  
  34  3:10  Probe (Chrono Boost)  
  36  3:19  Gateway, Probe (Chrono Boost)  
  36  3:23  Phoenix (Chrono Boost)  
  39  3:28  Pylon  
  39  3:31  Gateway  
  39  3:32  Probe  
  39  3:36  Probe  
  39  3:39  Phoenix (Chrono Boost)  
  43  3:50  Robotics Facility  
  44  3:56  Stalker  
  44  4:00  Shield Battery  
  39  4:15  Zealot  
  41  4:21  Pylon  
  41  4:22  Pylon  
  36  4:35  Stalker  
  36  4:42  Zealot  
  26  5:00  Zealot  
  26  5:05  Stalker  
  22  5:22  Pylon  
  22  5:26  Pylon  
  22  5:36  Pylon  
Tags
 
Add a new tag
Caveats
  • Supply blocks, unpowered buildings, or Contaminate may cause inaccurate times.
  • Supply counts are checked every 10 seconds.